 Dungeon Crawl Stone Soup version 0.28-a0-957-g42eb19b844 (webtiles) character file.

Game seed: 14617012192557744231

40308 bearlyready the Slicer (level 14, -11/92 HPs)
             Began as a Kobold Berserker on Nov 30, 2021.
             Was an Elder of Trog.
             Mangled by a tyrant leech (15 damage)
             ... on level 3 of the Lair of Beasts.
             The game lasted 00:23:45 (21331 turns).

bearlyready the Slicer (Kobold Berserker)          Turns: 21331, Time: 00:23:45

Health: -11/92     AC: 16    Str: 19    XL:     14   Next: 44%
Magic:  14/14      EV: 23    Int:  9    God:    Trog [****..]
Gold:   1582       SH:  5    Dex: 14    Spells: 13/13 levels left

rFire   + . .      SeeInvis +   g - +1 dagger (elec)
rCold   . . .      Faith    .   (shield restricted)
rNeg    . . .      Spirit   .   Y - +3 ring mail {rPois}
rPois   +          Reflect  +   a - +1 helmet {SInv}
rElec   .          Harm     .   N - +2 cloak
rCorr   .          Rampage  .   (no gloves)
Will    +....                   C - +0 pair of boots
Stlth   +++++.....              e - amulet of reflection
HPRegen 0.25/turn               O - +4 ring of evasion
MPRegen 0.14/turn               q - ring of protection from fire

@: about to teleport, studying Armour
A: small, no large weapons, nightstalker 3
a: Renounce Religion, Berserk, Trog's Hand, Brothers in Arms


You were on level 3 of the Lair of Beasts.
You worshipped Trog.
Trog was greatly pleased with you.
You visited 3 branches of the dungeon, and saw 18 of its levels.
You also visited: Volcano.

You collected 1649 gold pieces.
You spent 67 gold pieces at shops.

Inventory:

Hand Weapons
 g - a +1 dagger of electrocution (weapon)
 v - a +0 rapier
Missiles
 f - 484 stones
 j - 79 sling bullets
 l - 8 atropa-tipped darts
 m - 479 arrows
 u - 219 bolts
 x - 4 curare-tipped darts
 F - 42 poisoned darts
 G - 8 boomerangs (quivered)
 X - 2 silver boomerangs
Armour
 a - a +1 helmet of see invisible (worn)
 k - a scarf of resistance
 C - a +0 pair of boots (worn)
 N - a +2 cloak (worn)
 Y - a +3 ring mail of poison resistance (worn)
Jewellery
 e - an amulet of reflection (around neck)
 q - a ring of protection from fire (right hand)
 r - a ring of fire
 w - a ring of see invisible
 H - a ring of ice
 O - a +4 ring of evasion (left hand)
 W - a ring of willpower
Wands
 A - a wand of paralysis (5)
 E - a wand of flame (90)
 I - a wand of polymorph (17)
 T - a wand of iceblast (22)
 Z - a wand of mindburst (3)
Scrolls
 c - 3 scrolls of vulnerability
 h - 3 scrolls of immolation
 i - 4 scrolls of fear
 o - 4 scrolls of summoning
 p - 8 scrolls of teleportation
 t - 3 scrolls of magic mapping
 K - a scroll of torment
 L - 2 scrolls of enchant weapon
 R - a scroll of fog
 U - 4 scrolls of enchant armour
Potions
 b - 2 potions of resistance {unknown}
 d - 7 potions of curing
 n - 5 potions of heal wounds
 s - 4 potions of lignification
 y - a potion of magic {unknown}
 z - a potion of degeneration {unknown}
 B - 3 potions of invisibility
 D - a potion of brilliance {unknown}
 J - a potion of haste {unknown}
 M - 2 potions of ambrosia
 P - a potion of mutation
 Q - 2 potions of attraction
 S - 3 potions of might
 V - 4 potions of flight


   Skills:
 + Level 12.8 Fighting
 + Level 14.8 Short Blades
 - Level 6.0 Throwing
 + Level 8.0 Armour
 + Level 11.5 Dodging
 - Level 12.2 Stealth
 - Level 12.0 Evocations


You had 13 spell levels left.
You didn't know any spells.
Your spell library was empty.

Dungeon Overview and Level Annotations

Branches:
Dungeon (13/15)            Temple (0/1) D:6            Lair (3/6) D:11
  Swamp (0/4) Lair:3        Snake (0/4) Lair:2          Orc (2/2) D:11
Volcano (visited)
    Elf: Orc:2       Vaults: D:13-14

Altars:
Elyvilon
Wu Jian
Xom

Shops:
D:2 ??

Annotations:
D:9 1 runed translucent door, ThanksArdit's ghost, journeyman MiGl


Innate Abilities, Weirdness & Mutations

You are small and have problems with some larger weapons.
You are completely attuned to the shadows.


Message History

No target in view!
No target in view!
No target in view!
No target in view!
No target in view!
No target in view!
p - 9 scrolls of teleportation (gained 1)
Found a staircase to the Swamp.
A rime drake and a swamp worm come into view.
There are monsters nearby!
There are monsters nearby!
There are monsters nearby!
A swamp worm comes into view.
You enter the shallow water.
Moving in this stuff is going to be slow.
A tyrant leech and a swamp worm come into view.
The helpless rime drake fails to defend itself.
You perforate the rime drake like a sieve!!!!
You kill the rime drake!
Trog accepts your kill.
Your Armour skill increases to level 8!
The swamp worm completely misses you. The tyrant leech bites you!!
The tyrant leech draws strength from your injuries!
The swamp worm bites you! The swamp worm bites you!!
The tyrant leech completely misses you.
You are too injured to fight recklessly!
You are too injured to fight recklessly!
The swamp worm misses you.
The swamp worm bites you but does no damage.
The swamp worm bites you!
Okay, then.
As you read the scroll of teleportation, it crumbles to dust.
You feel strangely unstable. The tyrant leech bites you!!
* * * LOW HITPOINT WARNING * * *
The tyrant leech draws strength from your injuries!
As you read the scroll of fear, it crumbles to dust.
You assume a fearsome visage.
The swamp worm looks frightened!
The tyrant leech easily resists.
The swamp worm looks frightened! x2
The tyrant leech bites you!
You die...

#P..##.....................
#....#.♣♣♣♣♣.............##
#P...#♣♣§§§♣♣............#.
##....#♣♣§§§♣♣#....#......##
#P.....♣§w§§≈♣.....###...#.#
##.....♣§w≈§♣♣.....#.##.#.#.
##....♣♣w§♣♣♣..............
#.####♣♣w♣♣...######.###.#
### #P.@..### ### ###
####.## ###


You could see a tyrant leech and 3 swamp worms.

Vanquished Creatures
  A great orb of eyes (shapeshifter) (D:10)
  4 hydras
  4 boulder beetles
  2 centaur warriors (D:13)
  An ogre mage (D:10)
  3 two-headed ogres
  2 tengu warriors (D:13)
  A swamp dragon (D:10)
  An orc sorcerer (Orc:2)
  A wizard (D:10)
  An orc knight (D:10)
  A faun (shapeshifter) (D:10)
  An oklob plant (D:11)
  2 ugly things
  5 elephants (Lair:3)
  6 cyclopes
  2 black mambas
  A gargoyle (D:12)
  A molten gargoyle (Volcano)
  A kobold demonologist (D:11)
  3 unseen horrors (D:10)
  A rime drake (Lair:3)
  An efreet (D:13)
  A yaktaur (D:10)
  5 komodo dragons
  2 tengu conjurers
  2 polar bears (Lair:1)
  A queen bee (shapeshifter) (D:9)
  5 trolls
  Prince Ribbit (D:7)
  4 blink frogs (Lair:3)
  A meliai zombie (D:11)
  14 slime creatures
  A wyvern (Lair:3)
  Sigmund (D:2)
  3 basilisks
  3 fire elementals (Volcano)
  34 yaks
  3 wraiths
  A steam dragon (D:8)
  2 vampire mosquitoes (D:13)
  A naga (Lair:2)
  2 hell hounds (Lair:1)
  4 water moccasins
  4 orc warriors
  An ice beast (D:5)
  3 ogres
  A necrophage (D:7)
  13 centaurs
  3 kobold brigands
  A gnoll sergeant (D:10)
  7 bullfrogs
  A scorpion (D:7)
  2 water moccasin skeletons (D:5)
  2 howler monkeys
  9 centaur zombies
  2 hounds
  7 orc priests
  A bullfrog skeleton (D:5)
  Crazy Yiuf (D:3)
  A centaur skeleton (D:5)
  An iguana (D:4)
  6 orc wizards
  A killer bee zombie (D:6)
  A hound zombie (D:5)
  A howler monkey skeleton (D:4)
  4 howler monkey zombies
  6 gnolls
  3 adders
  An ufetubus (D:7)
  4 dart slugs
  37 orcs
  A ball python (D:1)
  3 bats
  2 endoplasms
  5 giant cockroaches
  8 goblins
  4 hobgoblins
  4 jackals (D:2)
  3 quokkas
  3 frilled lizards
  15 kobolds
  7 rats
316 creatures vanquished.

Vanquished Creatures (others)
  A centaur warrior (D:13)
  An orc warrior (D:10)
  5 fungi
  13 plants
20 creatures vanquished.

Grand Total: 336 creatures vanquished

Notes
Turn   | Place    | Note
-------+----------+-------------------------------------------
     0 | D:1      | bearlyready the Kobold Berserker began the quest for the
                  | Orb.
     0 | D:1      | Reached XP level 1. HP: 14/14 MP: 1/1
    41 | D:1      | Found a faded altar of an unknown god.
   204 | D:1      | Reached XP level 2. HP: 19/19 MP: 2/2
   443 | D:1      | Reached skill level 5 in Short Blades
  1024 | D:2      | Found Jeibur's Magic Scroll Shop.
  1029 | D:2      | Bought a scroll of identify for 28 gold pieces
  1115 | D:2      | Reached XP level 3. HP: 21/23 MP: 3/3
  1340 | D:2      | Reached ** piety under Trog
  1359 | D:2      | Found Joxkod's Magic Scroll Shoppe.
  1362 | D:2      | Bought a scroll of teleportation for 39 gold pieces
  1386 | D:2      | Reached skill level 6 in Short Blades
  1547 | D:2      | Reached XP level 4. HP: 24/28 MP: 4/4
  1794 | D:2      | Noticed Sigmund
  1800 | D:2      | Killed Sigmund
  1801 | D:2      | Reached skill level 8 in Short Blades
  1801 | D:2      | Reached XP level 5. HP: 32/32 MP: 5/5
  1801 | D:2      | Reached XP level 6. HP: 37/37 MP: 6/6
  2187 | D:3      | Found a white marble altar of Elyvilon.
  3006 | D:4      | Reached skill level 9 in Short Blades
  3066 | D:4      | Reached XP level 7. HP: 43/43 MP: 7/7
  3594 | D:5      | Entered Level 5 of the Dungeon
  3710 | D:5      | Reached skill level 5 in Fighting
  3710 | D:5      | Noticed a water moccasin
  3722 | D:5      | Killed a water moccasin
  3723 | D:5      | Reached skill level 1 in Stealth
  3723 | D:5      | Reached skill level 1 in Evocations
  3885 | D:5      | Reached XP level 8. HP: 49/49 MP: 8/8
  3956 | D:5      | Reached skill level 10 in Short Blades
  4060 | D:5      | Reached skill level 1 in Throwing
  4619 | D:6      | Reached *** piety under Trog
  4885 | D:6      | Found a staircase to the Ecumenical Temple.
  4950 | D:6      | Identified the +2 whip of Simn {holy, Fragile rElec rN+++
                  | Dex-2}
  5090 | D:6      | Reached XP level 9. HP: 55/55 MP: 9/9
  5167 | D:6      | Found an ornate altar of the Wu Jian Council.
  5171 | D:6      | Noticed a spectral centipede
  5595 | D:7      | Noticed Prince Ribbit
  5599 | D:7      | Killed Prince Ribbit
  5600 | D:7      | Reached skill level 5 in Stealth
  5656 | D:7      | Reached skill level 11 in Short Blades
  6193 | D:8      | You fall into a shaft and drop 2 floors!
  6193 | D:10     | Entered Level 10 of the Dungeon
  6500 | D:10     | Noticed a troll
  6511 | D:10     | Killed a troll
  6512 | D:10     | Reached skill level 5 in Evocations
  6594 | D:10     | Noticed a swamp dragon
  6639 | D:9      | Reached XP level 10. HP: 63/63 MP: 10/10
  7028 | D:8      | Reached skill level 5 in Throwing
  7349 | D:3      | Found a runed translucent door.
  7352 | D:3      | Noticed Crazy Yiuf
  7362 | D:3      | Killed Crazy Yiuf
  7363 | D:3      | Reached skill level 12 in Short Blades
  7799 | D:9      | Identified a scroll of acquirement
  7802 | D:9      | Acquired a manual of Armour
  7960 | D:8      | Reached **** piety under Trog
  8395 | D:9      | Found a runed translucent door.
  8396 | D:9      | Found a shimmering altar of Xom.
  8396 | D:9      | Noticed ThanksArdit's ghost (journeyman MiGl)
  8397 | D:9      | Noticed a +5 scimitar of chaos
  8842 | D:9      | Noticed a five-headed hydra
  8864 | D:9      | Killed a five-headed hydra
  8865 | D:9      | Reached XP level 11. HP: 69/69 MP: 11/11
  8886 | D:9      | Noticed a boulder beetle
  8890 | D:9      | Killed a boulder beetle
  8891 | D:9      | Reached skill level 5 in Dodging
  8908 | D:9      | Noticed a boulder beetle
  8912 | D:9      | Killed a boulder beetle
  8913 | D:9      | Reached skill level 10 in Stealth
  8917 | D:9      | Identified the +7 hand axe "Hyowk" {elec, rC+ Will+ Int-4
                  | Dex+4}
  8960 | D:9      | Noticed a two-headed ogre
  8964 | D:9      | Killed a two-headed ogre
  9485 | D:10     | Killed a swamp dragon
  9522 | D:10     | Noticed a boulder beetle
  9523 | D:10     | Noticed a wizard
  9523 | D:10     | Noticed a fire crab
  9524 | D:10     | Noticed a harpy
  9524 | D:10     | Noticed a cyclops
  9524 | D:10     | Noticed an orc knight
  9526 | D:10     | a harpy changed into a basilisk
  9664 | D:10     | Killed a cyclops
  9694 | D:10     | Noticed a manticore
  9695 | D:10     | a manticore changed into a snapping turtle
  9699 | D:10     | Noticed a faun
  9699 | D:10     | a snapping turtle changed into a faun
  9720 | D:10     | Killed a faun
 10092 | D:10     | Noticed an ogre mage
 10094 | D:10     | Killed an ogre mage
 10095 | D:10     | Reached skill level 10 in Fighting
 10097 | D:10     | Reached XP level 12. HP: 77/77 MP: 12/12
 10246 | D:10     | Killed a boulder beetle
 10296 | D:10     | Noticed a great orb of eyes
 10301 | D:10     | Paralysed by a great orb of eyes for 3 turns
 10314 | D:10     | Paralysed by a great orb of eyes for 5 turns
 10322 | D:10     | Killed a great orb of eyes
 10489 | D:10     | Reached skill level 10 in Evocations
 10641 | D:10     | Noticed a two-headed ogre
 10684 | D:10     | Killed a two-headed ogre
 11263 | D:11     | Found a staircase to the Orcish Mines.
 11843 | D:11     | Found a staircase to the Lair.
 11846 | D:11     | Reached skill level 13 in Short Blades
 12142 | D:11     | Noticed a two-headed ogre
 12151 | D:11     | Killed a two-headed ogre
 12152 | D:11     | Reached XP level 13. HP: 58/84 MP: 13/13
 12810 | Orc:1    | Entered Level 1 of the Orcish Mines
 13122 | Orc:2    | Entered Level 2 of the Orcish Mines
 13250 | D:12     | Noticed an eight-headed hydra
 13262 | D:12     | Killed an eight-headed hydra
 13515 | D:12     | Noticed a six-headed hydra
 13519 | D:12     | Killed a six-headed hydra
 13520 | D:12     | Reached skill level 5 in Armour
 13568 | D:12     | Reached skill level 10 in Dodging
 14809 | D:13     | Noticed a centaur warrior
 15219 | D:13     | Noticed a centaur warrior
 15254 | D:13     | Killed a centaur warrior
 15714 | D:13     | Noticed a boulder beetle
 15718 | D:13     | Killed a boulder beetle
 16025 | D:13     | Reached skill level 14 in Short Blades
 16046 | D:13     | Noticed a centaur warrior
 16064 | D:13     | Killed a centaur warrior
 17086 | Lair:1   | Entered Level 1 of the Lair of Beasts
 17160 | Lair:1   | Found a dark tunnel.
 17180 | Volcano  | Entered a volcano
 17489 | Volcano  | Reached XP level 14. HP: 92/92 MP: 14/14
 19458 | Lair:2   | Found a staircase to the Snake Pit.
 21321 | Lair:3   | Found a staircase to the Swamp.
 21330 | Lair:3   | HP: 3/92 [tyrant leech (25)]
 21331 | Lair:3   | Mangled by a tyrant leech

Illustrated notes

Levels and vault maps discovered:
D:1:      nicolae_arrival_washed_ashore, layout_basic,
          shapermc_ecumenical_altar_mp_urbaneastern, minmay_cupped
D:2:      layout_basic, serial_shops, shop, nicolae_shop_behind_doors,
          uniq_sigmund
D:3:      layout_basic, kennysheep_flooded_box, grunt_ministairs_9,
          uniq_crazy_yiuf_cottage
D:4:      layout_rooms
D:5:      layout_cave_pools
D:6:      layout_rooms, pdpol_wu_jian_five_deadly_venoms,
          minmay_temple_entry_wispy
D:7:      layout_rooms, uniq_prince_ribbit1
D:8:      layout_basic
D:9:      layout_long_grid, serial_glass, glass_columns_b, glass_columns_b,
          ebering_ghost_xom, kennysheep_cluttered_room, minmay_diamond_spiral
D:10:     minmay_the_grid_3x3 [minmay_the_grid_tree, minmay_the_grid_large_cup,
          minmay_the_grid_garden, minmay_the_grid_dragon_b,
          minmay_the_grid_minigrid_small_alt, minmay_the_grid_mess,
          minmay_the_grid_fan, minmay_the_grid_broken_lines,
          minmay_the_grid_prize_big_room], layout_stronghold, glass_columns_a,
          kennysheep_path_1, hangedman_decor_opposing
D:11:     layout_stronghold, dpeg_oklobed_lair, orc_0_dummy
D:12:     layout_roguey, kennysheep_generic_room_9
D:13:     layout_irregular_city
Lair:1:   layout_cave_shapes, enter_volcano_3, chequers_serial_rivers_room_a
Lair:2:   layout_cellular_growth, guppyfry_snake_entry_garden
Lair:3:   layout_regular_city, minmay_swamp_entry_worms, serial_bayou_shore_a,
          lemuel_fruit_tree
Orc:1:    layout_diamond_mine
Orc:2:    grunt_orc_community_town_hall, layout_caves,
          grunt_orc_community_big_house_1, grunt_orc_community_big_house_2,
          grunt_orc_community_house_1, grunt_orc_community_house_1,
          grunt_orc_community_house_1, grunt_orc_community_house_1,
          grunt_orc_community_house_2

Skill      XL: |  1  2  3  4  5  6  7  8  9 10 11 12 13 14 |
---------------+-------------------------------------------+-----
Short Blades   | 5 6 8 9 10 11 12 13 14 | 14.8
Fighting       | 4 5 6 7 8 10 11 12 | 12.8
Stealth        | 1 4 6 9 10 12 | 12.2
Evocations     | 1 3 5 7 9 10 11 12 | 12.0
Throwing       | 2 4 5 6 |  6.0
Dodging        | 4 7 9 10 11 | 11.5
Armour         | 4 6 8 |  8.0

Action                   |  1- 3 |  4- 6 |  7- 9 | 10-12 | 13-15 || total
-------------------------+-------+-------+-------+-------+-------++-------
Melee: Short sword       |    23 |       |       |       |       ||    23
       Dagger            |    54 |   124 |   280 |   518 |   792 ||  1768
Throw: Dart              |       |       |       |    16 |     5 ||    21
       Throwing net      |       |       |       |     1 |       ||     1
       Boomerang         |       |       |       |     2 |     1 ||     3
Invok: Berserk           |       |     3 |     6 |     5 |     8 ||    22
       Brothers in Arms  |       |       |       |       |     1 ||     1
Evoke: Wand              |       |       |       |    10 |    18 ||    28
  Use: Scroll            |     1 |       |     5 |    10 |     9 ||    25
       Potion            |       |       |       |       |     1 ||     1
 Stab: Sleeping          |     6 |     6 |    12 |    26 |    27 ||    77
       Distracted        |       |       |     3 |     2 |     2 ||     7
       Paralysed         |       |       |       |     6 |     2 ||     8
Armor: Animal skin       |     5 |     1 |       |       |       ||     6
       Ring mail         |       |    14 |     1 |    76 |   116 ||   207
       Leather armour    |       |       |    19 |     6 |       ||    25
Dodge: Dodged            |    56 |    51 |   117 |   224 |   419 ||   867
Block: Other             |     9 |    19 |    47 |    61 |   134 ||   270
       Reflection        |       |       |     1 |     3 |    11 ||    15

Table legend: (Time is in decaauts)
 A = Elapsed time spent in this place.
 B = Non-inter-level travel time spent in this place.
 C = Inter-level travel time spent in this place.
 D = Time resting spent in this place.
 E = Time spent auto-exploring this place.
 F = Levels seen in this place.
 G = Mean time per level.
                   A        B        C        D        E       F      G
               +--------+--------+--------+--------+--------+-----+--------+
         Total |  20710 |  19691 |   1019 |   1691 |  15189 |  19 | 1090.0 |
       Dungeon |  16233 |  15360 |    873 |   1560 |  11592 |  13 | 1248.7 |
          Lair |   3735 |   3685 |     50 |     92 |   3091 |   3 | 1245.0 |
  Orcish Mines |    370 |    274 |     96 |      0 |    255 |   2 |  185.0 |
       Volcano |    370 |    370 |      0 |     39 |    251 |   1 |  370.0 |
               +--------+--------+--------+--------+--------+-----+--------+

Top non-repeatable levels by time:
    D:10: 2204 daAuts
    D:12: 2008 daAuts
    D:11: 1737 daAuts
     D:9: 1726 daAuts
    D:13: 1538 daAuts
  Lair:1: 1496 daAuts
  Lair:3: 1196 daAuts
     D:1: 1141 daAuts
  Lair:2: 1042 daAuts
     D:5: 999 daAuts
     D:3: 927 daAuts
     D:6: 918 daAuts
     D:2: 847 daAuts
     D:8: 842 daAuts
     D:4: 710 daAuts
